 Dungeon Crawl Stone Soup version 0.28-a0-779-g3d1f99b579 (webtiles) character file.

Game seed: 11465730030045271993

511 jasper the Grave Robber (level 6, -4/46 (47) HPs)
             Began as a Demonspawn Necromancer on Nov 2, 2021.
             Killed from afar by Blork the orc (8 damage)
             ... with a puff of frost
             ... on level 4 of the Dungeon.
             The game lasted 00:04:44 (3481 turns).

jasper the Grave Robber (Demonspawn Necromancer)    Turns: 3481, Time: 00:04:44

HP:   -4/46 (47)    AC:  8    Str:  9    XL:     6   Next: 99%
MP:   5/9           EV:  8    Int: 17    God:
Gold: 112           SH:  0    Dex: 14    Spells: 4/9 levels left

rFire   . . .      SeeInvis .   j - +4 mace
rCold   . . .      Faith    .   (no shield)
rNeg    . . .      Spirit   .   r - +0 scale mail
rPois   .          Reflect  .   (no helmet)
rElec   .          Harm     .   (no cloak)
rCorr   .          Rampage  .   (no gloves)
Will    .....                   (no boots)
Stlth   +.........              (no amulet)
HPRegen 0.15/turn               (no ring)
MPRegen 0.22/turn               (no ring)

@: very slightly contaminated, lightly drained
A: claws 1, ignite blood 1, magic regeneration, sharp scales 2
a: no special abilities


You were on level 4 of the Dungeon.
You visited 1 branch of the dungeon, and saw 4 of its levels.

You collected 112 gold pieces.

Inventory:

Hand Weapons
 f - a +0 dagger
 g - a +0 short sword
 j - a +4 mace (weapon)
Missiles
 b - 157 stones
 i - 3 javelins
Armour
 a - a +0 robe
 r - a +0 scale mail (worn)
Jewellery
 x - a ring of see invisible
Wands
 m - a wand of paralysis (4)
Scrolls
 c - 2 scrolls of enchant armour {unknown}
 d - a scroll of fog {unknown}
 n - a scroll of immolation {unknown}
 p - a scroll of magic mapping
 t - a scroll of noise {unknown}
 u - a scroll of identify
 v - a scroll of brand weapon {unknown}
 w - a scroll of torment {unknown}
Potions
 e - 2 potions of haste {unknown}
 h - 3 potions of brilliance
 k - a potion of degeneration {unknown}
 l - a potion of invisibility {unknown}
 o - a potion of flight {unknown}
 q - a potion of lignification {unknown}


   Skills:
 - Level 3.4 Fighting
 - Level 2.8 Dodging
 - Level 1.7 Stealth
 - Level 1.8 Unarmed Combat
 - Level 2.0 Spellcasting
 + Level 7.2 Necromancy


You had 4 spell levels left.
You knew the following spells:

 Your Spells              Type           Power      Damage    Failure   Level
a - Pain                  Necr           100%       1d9       9%          1
b - Animate Skeleton      Necr           52%        N/A       9%          1
c - Vampiric Draining     Necr           26%        2d7       26%         3

Your spell library contained the following spells:

 Spells                   Type           Power      Damage    Failure   Level
 Animate Dead             Necr           13%        N/A       63%         4
 Dazzling Flash           Conj/Hex       2%         N/A       99%         3
 Agony                    Necr           26%        N/A       93%         5
 Silence                  Hex/Air        0%         N/A       100%        5


Dungeon Overview and Level Annotations

Branches:
Dungeon (4/15)
 Temple: D:4-7

Altars:

Annotations:
D:4 Blork the orc


Innate Abilities, Weirdness & Mutations

You have sharp fingernails.
Your demonic aura sometimes causes spilled blood to erupt in flames.
You regenerate magic rapidly.
You are mostly covered in razor-sharp scales. (AC +2, Slay +2)


Message History

Aim: Blork the orc, wielding a +1 war axe of electrocution and wearing a +0 robe You draw life force from Blork the orc!
You feel life coursing into your body.
Blork the orc hits you with a +1 war axe of electrocution.
You take 1 damage, and have 43/47 hp.
You now have 6/9 mp.
You barely miss Blork the orc.
Blork the orc is moderately wounded.
Blork the orc hits you with a +1 war axe of electrocution.
You take 4 damage, and have 39/47 hp.
You hit Blork the orc.
Blork the orc is heavily wounded.
Blork the orc hits you with a +1 war axe of electrocution! x2
You take 14 damage, and have 25/47 hp.
MASSIVE DAMAGE!!
You hit Blork the orc.
Blork the orc is severely wounded.
Blork the orc hits you but does no damage.
You are electrocuted!
* * * LOW HITPOINT WARNING * * *
You take 14 damage, and have 11/47 hp.
MASSIVE DAMAGE!!
Casting: Vampiric Draining (dangerous; 26% risk of failure)
Confirm with . or Enter, or press ? or * to list all spells.
Aiming: Vampiric Draining (dangerous; 26% risk of failure)
Press: ? - help, Shift-Dir - straight line, f/p - Blork the orc
Aim: Blork the orc, wielding a +1 war axe of electrocution and wearing a +0 robe (severely wounded)
You miscast Vampiric Draining.
You are very lightly contaminated with residual magic.
Strange energies run through your body.
You feel drained.
* * * LOW HITPOINT WARNING * * *
Blork the orc casts a spell at you. The puff of frost hits you.
* * * LOW HITPOINT WARNING * * *
You take 7 damage, and have 4/46 hp.
You now have 4/9 mp.
Casting: Vampiric Draining (quite dangerous; 26% risk of failure)
Confirm with . or Enter, or press ? or * to list all spells.
The spell is quite dangerous to cast (26% risk of failure)!
Continue anyway?
Okay, then.
Unknown command.
Okay, then.
Blork the orc casts a spell at you. The puff of frost hits you!
You die...

#.>.#................#
#...#######.#....#####
##...#######)#....#
.............#....#
..................+
#........####....#######
##.....o.# #...........
#.......# #...........
#.....@## #...........
#......# #...........
#......#####...........
#....(.##..............
#......##..............
#......##..............
#......##.....#########
#......##.....#
#......##.....#


You could see Blork the orc.

Vanquished Creatures
  Grinder (D:4)
  A necrophage (D:3)
  A howler monkey (D:4)
  An orc priest (D:3)
  2 hounds
  An iguana (D:3)
  2 adders
  A dart slug (D:4)
  A worm (D:3)
  3 orcs (D:3)
  4 ball pythons
  7 bats
  4 endoplasms
  3 goblins
  5 hobgoblins
  2 jackals (D:1)
  3 quokkas
  6 frilled lizards
  7 kobolds
  4 rats
59 creatures vanquished.

Vanquished Creatures (others)
  4 demonic plants (D:2)
  3 fungi (D:2)
  2 plants (D:2)
  3 withered plants (D:2)
12 creatures vanquished.

Grand Total: 71 creatures vanquished

Notes
Turn   | Place    | Note
-------+----------+-------------------------------------------
     0 | D:1      | jasper the Demonspawn Necromancer began the quest for the
                  | Orb.
     0 | D:1      | Reached XP level 1. HP: 13/13 MP: 3/3
   194 | D:1      | Reached skill level 1 in Fighting
   281 | D:1      | Gained mutation: You are partially covered in razor-sharp
                  | scales. (AC +1, Slay +1) [demonic ancestry]
   281 | D:1      | Reached XP level 2. HP: 18/21 MP: 0/5
  1159 | D:2      | Learned a level 1 spell: Animate Skeleton
  1279 | D:2      | Found a faded altar of an unknown god.
  1357 | D:2      | Gained mutation: You regenerate magic rapidly. [demonic
                  | ancestry]
  1357 | D:2      | Reached XP level 3. HP: 23/27 MP: 2/6
  2348 | D:3      | Gained mutation: You have sharp fingernails. [demonic
                  | ancestry]
  2348 | D:3      | Reached XP level 4. HP: 32/34 MP: 4/7
  2350 | D:3      | Noticed a necrophage
  2370 | D:3      | Killed a necrophage
  2371 | D:3      | Reached skill level 1 in Unarmed Combat
  2371 | D:3      | Reached skill level 5 in Necromancy
  2371 | D:3      | Gained mutation: Your demonic aura sometimes causes spilled
                  | blood to erupt in flames. [demonic ancestry]
  2371 | D:3      | Reached XP level 5. HP: 41/41 MP: 8/8
  2615 | D:3      | Learned a level 3 spell: Vampiric Draining
  3014 | D:4      | Noticed Grinder
  3022 | D:4      | Gained mutation: You are mostly covered in razor-sharp
                  | scales. (AC +2, Slay +2) [demonic ancestry]
  3022 | D:4      | Reached XP level 6. HP: 38/47 MP: 9/9
  3041 | D:4      | Killed Grinder
  3042 | D:4      | Reached skill level 7 in Necromancy
  3096 | D:4      | Noticed Blork the orc
  3105 | D:4      | HP: 1/47 [Blork the orc (14)]
  3110 | D:4      | HP: 2/47 [Blork the orc/puff of frost (4)]
  3481 | D:4      | Killed from afar by Blork the orc

Illustrated notes

Levels and vault maps discovered:
D:1:      dpeg_arrival_water_temple_mockup, layout_basic, minivault_14,
          minmay_cut_off
D:2:      layout_loops_ring, shapermc_ecumenical_altar_gd, minmay_pentomino_w2
D:3:      layout_basic
D:4:      layout_basic, hangedman_abyss_or_decor_stabs,
          minmay_misc_feat_columns, chequers_arboretum, uniq_blork_the_orc,
          uniq_grinder, uniq_pikel

Skill      XL: |  1  2  3  4  5  6 |
---------------+-------------------+-----
Fighting       | 1 2 3 |  3.4
Dodging        | 2 |  2.8
Unarmed Combat | 1 |  1.8
Necromancy     | 5 7 |  7.2
Stealth        | |  1.7
Spellcasting   | |  2.0

Action                   |  1- 3 |  4- 6 || total
-------------------------+-------+-------++-------
Melee: Mace              |     4 |    86 ||    90
       Punch             |       |     1 ||     1
 Cast: Pain              |    61 |     9 ||    70
       Vampiric Draining |       |     1 ||     1
Evoke: Wand              |       |     9 ||     9
  Use: Scroll            |     5 |     1 ||     6
       Potion            |       |     4 ||     4
 Stab: Paralysed         |       |    12 ||    12
Armor: Robe              |     3 |       ||     3
       Scale mail        |       |    59 ||    59
Dodge: Dodged            |     2 |    36 ||    38

Table legend: (Time is in decaauts)
 A = Elapsed time spent in this place.
 B = Non-inter-level travel time spent in this place.
 C = Inter-level travel time spent in this place.
 D = Time resting spent in this place.
 E = Time spent auto-exploring this place.
 F = Levels seen in this place.
 G = Mean time per level.
                   A        B        C        D        E       F      G
               +--------+--------+--------+--------+--------+-----+--------+
         Total |   3514 |   3412 |    102 |    531 |   2353 |   4 |  878.5 |
       Dungeon |   3514 |   3412 |    102 |    531 |   2353 |   4 |  878.5 |
               +--------+--------+--------+--------+--------+-----+--------+

Top non-repeatable levels by time:
     D:1: 1124 daAuts
     D:3: 1022 daAuts
     D:2: 801 daAuts
     D:4: 567 daAuts
